 Dungeon Crawl Stone Soup version 0.32-a0-543-gefe97123c3 (webtiles) character file.

Game seed: 8625994305845738297

9150 GordonOverkill the Thaumaturge (level 11, 0/64 HPs)
             Began as a Deep Elf Delver on Feb 29, 2024.
             Was a Priest of Vehumet.
             Slain by a komodo dragon (19 damage)
             ... on level 1 of the Lair of Beasts.
             The game lasted 00:27:24 (16606 turns).

GordonOverkill the Thaumaturge (Deep Elf Delver)   Turns: 16606, Time: 00:27:24

Health: 0/64       AC:  8    Str:  9    XL:     11   Next: 19%
Magic:  30/36      EV: 13    Int: 20    God:    Vehumet [***...]
Gold:   501        SH:  0    Dex: 16    Spells: 16/30 levels left

rFire   + . .        t - +1 short sword (venom)
rCold   + . .        (no shield)
rNeg    + . .        I - +2 robe {rN+}
rPois   .            (no helmet)
rElec   .            i - scarf {rC+ rF+}
rCorr   .            (no gloves)
SInv    .            (no boots)
Will    +....        z - amulet of faith
Stlth   +++          h - +4 ring of protection
HPRegen 0.30/turn    a - ring of magical power
MPRegen 0.25/turn

%: faith
@: freezing walls
A: no striking features
a: Renounce Religion


You were on level 1 of the Lair of Beasts.
You worshipped Vehumet.
Vehumet was most pleased with you.
You visited 2 branches of the dungeon, and saw 11 of its levels.

You collected 599 gold pieces.
You spent 98 gold pieces at shops.

Inventory:

Hand Weapons
 l - a +2 dagger of freezing
 t - a +1 short sword of venom (weapon)
Missiles
 m - 7 javelins (quivered)
Armour
 i - a scarf of resistance (worn)
 I - a +2 robe of positive energy (worn)
Jewellery
 a - a ring of magical power (right hand)
 h - a +4 ring of protection (left hand)
 q - a +6 ring of strength
 x - a ring of fire
 z - an amulet of faith (around neck)
 E - a ring of resist corrosion
Wands
 g - a wand of digging (4)
 y - a wand of flame (21)
 J - a wand of warping (6)
Scrolls
 b - 2 scrolls of identify
 c - a scroll of fog
 d - 3 scrolls of revelation
 k - 2 scrolls of teleportation
 p - a scroll of brand weapon
 r - 2 scrolls of vulnerability
 s - a scroll of blinking
 v - a scroll of immolation {unknown}
 C - a scroll of poison
 F - a scroll of amnesia
 H - a scroll of silence {unknown}
Potions
 e - a potion of cancellation
 f - 5 potions of curing
 j - a potion of mutation
 n - 5 potions of enlightenment
 o - 2 potions of heal wounds
 u - a potion of brilliance
 w - 3 potions of resistance
 A - a potion of attraction
 B - a potion of haste
 D - 2 potions of might
 G - 3 potions of lignification
 K - a potion of invisibility {unknown}


   Skills:
 - Level 6.0 Fighting
 - Level 1.3 Polearms
 - Level 4.0 Dodging
 - Level 6.0 Stealth
 - Level 10.1 Spellcasting
 - Level 10.0 Conjurations
 - Level 1.0 Hexes
 - Level 10.0 Necromancy
 - Level 4.0 Ice Magic
 - Level 5.0 Earth Magic
 + Level 1.4 Alchemy
 - Level 2.0 Evocations


You had 16 spell levels left.
You knew the following spells:

 Your Spells              Type           Power      Damage    Failure   Level
a - Vampiric Draining     Necr           50%        2d9       1%          3
b - Slow                  Hex            56%        N/A       4%          1
c - Frozen Ramparts       Ice            52%        1d8       1%          3
d - Passwall              Erth           30%        N/A       2%          3
e - Petrify               Alch/Erth      23%        N/A       19%         4

Your spell library contained the following spells:

 Spells                   Type           Power      Damage    Failure   Level
 Dazzling Flash           Conj/Hex       64%        N/A       1%          3
 Ensorcelled Hibernation  Hex/Ice        40%        N/A       3%          2
 Confusing Touch          Hex            14%        N/A       14%         3
 Sigil of Binding         Hex            14%        N/A       14%         3
 Leda's Liquefaction      Alch/Erth      11%        N/A       19%         4
 Swiftness                Air            10%        N/A       21%         3
 Passage of Golubria      Tloc           10%        N/A       56%         4
 Metabolic Englaciation   Hex/Ice        10%        N/A       56%         5
 Silence                  Hex/Air        6%         N/A       83%         5
 Lehudib's Crystal Spear  Conj/Erth      20%        10d6      99%         8


Dungeon Overview and Level Annotations

Branches:
Dungeon (10/15)            Temple (0/1) D:6            Lair (1/5) D:10
    Orc: D:9-12

Altars:
Dithmenos
Elyvilon
Fedhas
Gozag
Makhleb
Nemelex Xobeh
Okawaru
Ru
Sif Muna
Uskayaw
Vehumet
Wu Jian
Xom
Zin

Shops:
D:8 =[*

Annotations:
D:4 3 runed translucent doors, Wizop's ghost, amateur NaSh
Lair:1 Amaemon


Message History

You kill the water moccasin!
Vehumet accepts your kill.
You feel your power returning.
The wall freezes the wolf but does no damage.
The wall freezes Amaemon.
The wall freezes the komodo dragon!
You hit the komodo dragon but do no damage.
The komodo dragon is poisoned.
The komodo dragon is moderately wounded.
The wall freezes the wolf but does no damage.
The wall freezes Amaemon.
The wall freezes the wolf.
You barely miss the komodo dragon.
The komodo dragon is moderately wounded.
The komodo dragon is no longer moving slowly.
The wall freezes the wolf.
The wall freezes the orange demon.
The wall freezes the komodo dragon.
The komodo dragon bites you!
* * * LOW HITPOINT WARNING * * *
The wall freezes the wolf.
Casting: Frozen Ramparts (safe; 1% risk of failure)
Confirm with . or Enter, or press ? or * to list all spells.
Aiming: Vampiric Draining (safe; 1% risk of failure)
Press: ? - help, Shift-Dir - straight line, f - komodo dragon
Aim: a komodo dragon (heavily wounded, very poisoned)
You draw life force from the komodo dragon.
You feel life coursing into your body.
The wall freezes the wolf.
The wall freezes the orange demon.
The wall freezes the komodo dragon but does no damage.
The komodo dragon bites you!
* * * LOW HITPOINT WARNING * * *
Casting: Vampiric Draining (safe; 1% risk of failure)
Confirm with . or Enter, or press ? or * to list all spells.
Aiming: Vampiric Draining (safe; 1% risk of failure)
Press: ? - help, Shift-Dir - straight line, f/p - komodo dragon
Aim: a komodo dragon (heavily wounded, very poisoned)
You draw life force from the komodo dragon.
You feel life coursing into your body.
The wall freezes the wolf but does no damage.
The wall freezes Amaemon.
The wall freezes the orange demon.
The wall freezes the komodo dragon but does no damage.
The komodo dragon bites you!!
You die...

.............S.###
.........(.......###
....................
..............k....
...............#
....<.........h#
..............4##
..............#l##
..............##@#
..............###.#
..............# #.#
..............# #.#
..........!...# #..
....... ... ... ##


You could see an orange demon (curare), a komodo dragon (very poisoned) and a
wolf.

Vanquished Creatures
  A two-headed ogre (D:8)
  An arcanist (D:10)
  A large abomination (D:10)
  A rime drake (Lair:1)
  A troll (D:9)
  A vampire (D:10)
  17 yaks
  A steam dragon (D:9)
  Menkaure (D:5)
  5 water moccasins
  An orc warrior (D:7)
  2 sky beasts (D:7)
  2 ice beasts (D:7)
  2 black bears
  A small abomination (D:10)
  3 centaurs
  2 ogres
  2 wolves (Lair:1)
  A kobold brigand (D:10)
  Blork the orc (D:5)
  A gnoll sergeant (D:9)
  5 bullfrogs
  2 scorpions
  18 killer bees
  4 hounds
  A jelly (D:5)
  8 orc priests
  2 bombardier beetles
  2 gnoll boudas
  2 sleepcaps
  2 iguanas
  Natasha (thrice) (D:2)
  11 orc wizards
  Ijyb (D:5)
  18 gnolls
  7 adders
  A shadow imp (D:5)
  2 white imps
  4 dart slugs
  2 ribbon worms
  22 orcs
  12 endoplasms
  4 giant cockroaches
  4 goblins
  8 hobgoblins
  4 jackals
  13 kobolds
  3 quokkas
  4 ball pythons
  5 bats (D:1)
  4 frilled lizards
  10 rats
236 creatures vanquished.

Vanquished Creatures (others)
  A butterfly (D:4)
1 creature vanquished.

Grand Total: 237 creatures vanquished

Notes
Turn   | Place    | Note
-------+----------+-------------------------------------------
     0 | D:5      | GordonOverkill the Deep Elf Delver began the quest for the
                  | Orb.
     0 | D:5      | Reached XP level 1. HP: 13/13 MP: 3/3
     5 | D:6      | Noticed an ogre
    97 | D:5      | Noticed a sleepcap
   164 | D:4      | Found a white marble altar of Elyvilon.
   167 | D:4      | Noticed a hound
   299 | D:3      | Reached XP level 2. HP: 10/18 MP: 4/4
   696 | D:1      | Reached skill level 1 in Spellcasting
   715 | D:1      | Reached skill level 1 in Necromancy
   935 | D:1      | Reached XP level 3. HP: 22/23 MP: 7/7
  1345 | D:2      | Learned a level 3 spell: Vampiric Draining
  1370 | D:2      | Reached XP level 4. HP: 12/28 MP: 8/10
  1680 | D:2      | Noticed Natasha
  1691 | D:2      | Killed Natasha
  1714 | D:2      | Noticed Natasha
  1745 | D:2      | Killed Natasha
  1934 | D:2      | Noticed Natasha
  1948 | D:2      | Killed Natasha
  1949 | D:2      | Reached XP level 5. HP: 25/32 MP: 13/13
  3108 | D:4      | Noticed an ogre
  3172 | D:4      | Reached skill level 5 in Necromancy
  3187 | D:3      | Reached XP level 6. HP: 32/37 MP: 8/14
  3650 | D:4      | Reached skill level 5 in Spellcasting
  4362 | D:4      | Noticed Wizop's ghost (amateur NaSh)
  4379 | D:4      | Noticed an ice beast
  4422 | D:4      | Found a runed translucent gate.
  4501 | D:4      | Reached XP level 7. HP: 41/41 MP: 9/16
  4672 | D:4      | Found a runed translucent gate.
  4672 | D:4      | Found a runed translucent gate.
  5158 | D:5      | Found a hide-covered altar of Uskayaw.
  5240 | D:5      | Found an ornate altar of the Wu Jian Council.
  5258 | D:5      | Noticed Menkaure
  5269 | D:5      | Killed Menkaure
  5474 | D:5      | Noticed Blork the orc
  5481 | D:5      | Killed Blork the orc
  5482 | D:5      | Reached skill level 1 in Conjurations
  5598 | D:5      | Noticed Ijyb
  5611 | D:5      | Killed Ijyb
  5824 | D:5      | Learned a level 1 spell: Slow
  6113 | D:5      | Reached skill level 1 in Hexes
  6113 | D:5      | Reached XP level 8. HP: 48/48 MP: 17/17
  6231 | D:5      | Found a radiant altar of Vehumet.
  6239 | D:5      | Became a worshipper of Vehumet
  6507 | D:6      | Reached skill level 5 in Conjurations
  6907 | D:6      | Found a staircase to the Ecumenical Temple.
  6975 | D:6      | Found a burning altar of Makhleb.
  7253 | D:6      | Found a glowing silver altar of Zin.
  7359 | D:6      | Learned a level 3 spell: Frozen Ramparts
  7449 | D:7      | Reached skill level 1 in Ice Magic
  7553 | D:7      | Reached skill level 5 in Fighting
  7557 | D:7      | Reached * piety under Vehumet
  7557 | D:7      | Offered knowledge of Kiss of Death by Vehumet.
  7700 | D:7      | Reached skill level 1 in Evocations
  7809 | D:7      | Reached XP level 9. HP: 46/54 MP: 18/18
  9015 | D:8      | Noticed a two-headed ogre
  9522 | D:8      | Found a shimmering altar of Xom.
  9537 | D:8      | Killed a two-headed ogre
  9938 | D:8      | Offered knowledge of Foxfire by Vehumet.
  9940 | D:8      | Reached ** piety under Vehumet
 10147 | D:8      | Found Cytiraet's Antique Armour Emporium.
 10151 | D:8      | Found Toufyc's Jewellery Shop.
 10152 | D:8      | Found Siekuelo's Assorted Antiques.
 10228 | D:8      | Bought a scroll labelled LIOMIJOHUE for 34 gold pieces
 10228 | D:8      | Bought a scroll labelled ULYAVUIMIM for 34 gold pieces
 10228 | D:8      | Bought a fizzy clear potion for 30 gold pieces
 10265 | D:9      | Reached XP level 10. HP: 60/60 MP: 24/24
 10508 | D:9      | Reached skill level 10 in Necromancy
 10512 | D:9      | Learned a level 3 spell: Passwall
 11526 | D:8      | Found Siekuelo's Assorted Antiques.
 11527 | D:8      | Found Cytiraet's Antique Armour Emporium.
 11529 | D:8      | Found Toufyc's Jewellery Shop.
 11652 | D:8      | Found a shimmering altar of Xom.
 12596 | D:9      | Reached skill level 10 in Spellcasting
 12978 | D:9      | Offered knowledge of Dazzling Flash by Vehumet.
 14593 | D:10     | Entered Level 10 of the Dungeon
 14738 | D:10     | Found a shadowy altar of Dithmenos.
 14774 | D:10     | Found a shimmering blue altar of Sif Muna.
 14775 | D:10     | Found a sparkling altar of Nemelex Xobeh.
 14776 | D:10     | Found a blossoming altar of Fedhas.
 14820 | D:10     | Found an opulent altar of Gozag.
 15168 | D:10     | Found a staircase to the Lair.
 15232 | D:10     | Reached *** piety under Vehumet
 15497 | D:10     | Found an iron altar of Okawaru.
 15706 | D:10     | Noticed an arcanist
 15713 | D:10     | Killed an arcanist
 15714 | D:10     | Reached skill level 10 in Conjurations
 15719 | D:10     | Learned a level 4 spell: Petrify
 15754 | D:10     | Noticed a large abomination
 15754 | D:10     | Noticed a large abomination
 15754 | D:10     | Noticed a large abomination
 15754 | D:10     | Noticed a large abomination
 15785 | D:10     | Reached skill level 1 in Earth Magic
 15797 | D:10     | Reached XP level 11. HP: 50/64 MP: 20/27
 16042 | D:10     | Found a sacrificial altar of Ru.
 16552 | D:10     | Noticed a large abomination
 16562 | Lair:1   | Entered Level 1 of the Lair of Beasts
 16592 | Lair:1   | Noticed Amaemon
 16594 | Lair:1   | Reached skill level 5 in Earth Magic
 16598 | Lair:1   | Reached skill level 1 in Alchemy
 16606 | Lair:1   | Slain by a komodo dragon

Illustrated notes

Levels and vault maps discovered:
D:1:      dpeg_arrival_water_fire, layout_basic, minmay_rat_gold_closets
D:2:      minmay_evil_eye, layout_loops_ring,
          nicolae_concentric_dashed_squares_wild, minmay_hexomino_r4,
          uniq_natasha
D:3:      layout_basic
D:4:      layout_cave_pools, nicolae_elyvilon_peaceful_grove,
          gammafunk_ghost_icy
D:5:      layout_loops_corners, lemuel_round_altar,
          mainiacjoe_overflow_24_doors, lemuel_crystal_altar, uniq_menkaure,
          uniq_ijyb, uniq_blork_the_orc
D:6:      layout_loops_ring, mainiacjoe_overflow_chevrons, zin_treasury,
          minmay_temple_entry_glassed_door, serial_bayou_pond_c
D:7:      layout_basic
D:8:      layout_rooms, lemuel_doored_altar, nicolae_wooded_promenade
D:9:      layout_grid_maze, kennysheep_cluttered_room
D:10:     layout_irregular_city, mainiacjoe_overflow_small_starburst,
          mainiacjoe_overflow_alcove_4, nicolae_overflow_macrodata_refinement,
          nicolae_ru_the_path_less_chosen, dpeg_oklobed_lair, laboratory
Lair:1:   layout_small_grid, lemuel_fruit_tree, uniq_amaemon

Skill      XL: |  1  2  3  4  5  6  7  8  9 10 11 |
---------------+----------------------------------+-----
Fighting       | 3 4 5 6 |  6.0
Spellcasting   | 1 2 4 5 8 10 | 10.1
Necromancy     | 1 2 3 5 7 9 10 | 10.0
Dodging        | 4 |  4.0
Conjurations   | 3 6 10 | 10.0
Hexes          | 1 |  1.0
Ice Magic      | 4 |  4.0
Evocations     | 2 |  2.0
Earth Magic    | 2 5 |  5.0
Alchemy        | 1 |  1.4
Polearms       | |  1.3
Stealth        | |  6.0

Action                     |  1- 3 |  4- 6 |  7- 9 | 10-12 || total
---------------------------+-------+-------+-------+-------++-------
  Melee: Dagger            |    89 |   225 |    12 |       ||   326
         Spear             |    15 |       |       |       ||    15
         Short sword       |       |       |   241 |   142 ||   383
  Throw: Javelin           |     1 |     3 |    10 |    27 ||    41
   Cast: Vampiric Draining |       |    31 |    63 |   100 ||   194
         Frozen Ramparts   |       |       |       |     6 ||     6
  Evoke: Wand              |       |       |     7 |    14 ||    21
    Use: Potion            |       |     3 |     1 |     2 ||     6
         Scroll            |       |     7 |     1 |    14 ||    22
   Stab: Sleeping          |    17 |     9 |    17 |     1 ||    44
         Distracted        |       |     1 |       |       ||     1
         Paralysed         |       |       |     5 |       ||     5
 Armour: Leather armour    |    43 |   118 |   116 |       ||   277
         Robe              |       |       |    79 |   210 ||   289
  Dodge: Dodged            |    39 |   107 |   181 |   189 ||   516

Table legend: (Time is in decaauts)
 A = Elapsed time spent in this place.
 B = Non-inter-level travel time spent in this place.
 C = Inter-level travel time spent in this place.
 D = Time resting spent in this place.
 E = Time spent auto-exploring this place.
 F = Levels seen in this place.
 G = Mean time per level.
                   A        B        C        D        E       F      G
               +--------+--------+--------+--------+--------+-----+--------+
         Total |  16574 |  16108 |    466 |   6718 |   6680 |  11 | 1506.7 |
       Dungeon |  16529 |  16063 |    466 |   6718 |   6676 |  10 | 1652.9 |
          Lair |     45 |     45 |      0 |      0 |      4 |   1 |   45.0 |
               +--------+--------+--------+--------+--------+-----+--------+

Top non-repeatable levels by time:
     D:9: 2834 daAuts
     D:7: 2314 daAuts
     D:8: 2098 daAuts
    D:10: 1970 daAuts
     D:3: 1757 daAuts
     D:4: 1320 daAuts
     D:5: 1286 daAuts
     D:6: 1099 daAuts
     D:2: 996 daAuts
     D:1: 849 daAuts
  Lair:1: 45 daAuts
